Map: Pillars of Gold LE

Players

Maru - Winner!

  • Race: Terran Terran
  • League: Master
  • Spawn Location: 7:00

PartinG

  • Race: Protoss Protoss
  • League: Grandmaster
  • Spawn Location: 1:00

Event: TSL 6

VOD

Have the link to the VOD?

Description

Time

  • Played on: Dec. 12, 2020, 2:21 a.m.
  • Length: 10:04

All games in this series

Show
View Real Time Build Order
Export as new Build Order

Maru Terran - Winner!

Build Orders:  

Get SALT Encoding   

  12  0:00  SCV  
  13  0:12  SCV  
  14  0:17  Supply Depot  
  14  0:24  SCV  
  15  0:39  SCV  
  15  0:40  Barracks  
  16  0:44  Refinery  
  16  0:51  SCV  
  17  1:03  SCV  
  18  1:15  SCV  
  19  1:27  Marine  
  19  1:28  Orbital Command  
  20  1:42  Command Center  
  20  1:47  Barracks Reactor  
  20  1:54  SCV  
  21  1:56  Supply Depot  
  21  2:06  SCV  
  22  2:11  Bunker  
  22  2:18  SCV  
  23  2:22  Marine  
  23  2:23  Marine  
  25  2:30  SCV  
  26  2:39  Command Center  
  26  2:44  Marine x2  
  26  2:47  SCV  
  29  2:54  Orbital Command  
  29  2:59  SCV  
  29  3:03  Marine x2  
  32  3:11  SCV  
  32  3:12  Barracks  
  33  3:21  SCV, Marine x2  
  33  3:23  SCV  
  37  3:29  Engineering Bay  
  37  3:33  SCV  
  38  3:35  SCV  
  38  3:39  Marine x2  
  41  3:46  SCV  
  41  3:48  Barracks, SCV  
  42  3:51  Orbital Command  
  43  3:55  Terran Infantry Weapons Level 1  
  43  3:58  SCV  
  43  4:00  Barracks Tech Lab  
  44  4:04  Missile Turret  
  44  4:05  Marine  
  44  4:06  Marine  
  44  4:08  SCV  
  47  4:10  SCV  
  48  4:18  Supply Depot, Marauder  
  48  4:20  Stimpack  
  48  4:22  SCV  
  51  4:25  SCV x2  
  51  4:29  Marine x2  
  55  4:34  Refinery  
  55  4:36  Supply Depot  
  55  4:37  Barracks Tech Lab  
  55  4:40  Marauder  
  55  4:42  SCV x2  
  59  4:46  Factory  
  59  4:47  SCV  
  59  4:50  Refinery  
  59  4:51  Marine  
  59  4:52  Marine  
  62  4:54  SCV  
  62  4:58  SCV  
  62  4:59  Missile Turret  
  63  5:05  Orbital Command  
  63  5:07  Marauder x2  
  67  5:08  SCV, Marine  
  67  5:13  Missile Turret  
  68  5:14  SCV  
  68  5:20  Supply Depot  
  69  5:22  SCV  
  69  5:26  SCV  
  69  5:27  Combat Shield  
  70  5:33  Marine  
  70  5:34  Marauder x2  
  70  5:35  SCV  
  76  5:42  Supply Depot, Starport  
  76  5:44  Factory Reactor  
  76  5:46  Refinery  
  76  5:51  SCV x3  
  76  5:53  Terran Infantry Armor Level 1  
  76  5:57  Supply Depot  
  79  6:02  Concussive Shells  
  79  6:03  Marauder  
  79  6:04  Marauder  
  83  6:05  Marine x2  
  83  6:06  SCV  
  86  6:14  Barracks  
  86  6:15  Barracks  
  86  6:17  SCV  
  87  6:25  SCV  
  87  6:26  Medivac x2  
  87  6:27  Orbital Command, Marine x2  
  87  6:29  SCV  
  95  6:34  Supply Depot  
  95  6:36  Supply Depot  
  95  6:37  SCV  
  95  6:38  Factory Tech Lab  
  95  6:39  Factory Reactor  
  96  6:40  Marauder x2  
  96  6:45  Marine x2  
  100  6:50  Supply Depot  
  100  6:51  SCV x2  
  101  6:58  Medivac x2  
  105  7:02  Marauder x2  
  105  7:03  SCV, Marine  
  105  7:07  Barracks Tech Lab  
  105  7:08  SCV x2  
  113  7:15  SCV  
  114  7:19  Barracks Reactor  
  114  7:20  Widow Mine, SCV, Marine  
  114  7:22  SCV  
  116  7:23  Marauder x2  
  116  7:27  SCV  
  121  7:32  Marauder, SCV  
  121  7:34  SCV  
  125  7:43  Medivac  
  125  7:47  Marauder  
  125  7:51  Marauder, Marine x2  
  120  7:54  Marauder, SCV  
  120  7:55  Supply Depot  
  120  7:56  Supply Depot  
  120  7:57  Widow Mine  
  121  7:59  Medivac  
  121  8:01  SCV  
  121  8:12  Supply Depot, Marauder x2, Marine  
  124  8:13  Supply Depot, Armory  
  124  8:17  Widow Mine  
  124  8:18  Widow Mine  
  126  8:27  Marine  
  126  8:28  Marauder  
  126  8:29  Marine  
  126  8:31  Medivac  
  126  8:34  Marauder x2  
  136  8:35  SCV x3  
  136  8:36  Missile Turret  
  136  8:41  Marine  
  140  8:43  Marine  
  140  8:45  Marine  
  140  8:47  Widow Mine x2  
  146  8:49  Marauder  
  146  8:55  Marauder x2  
  152  8:58  Marine x2  
  152  9:02  Marine  
  150  9:03  Marine  
  149  9:10  Marauder  
  149  9:14  Widow Mine  
  149  9:15  Marine  
  149  9:17  Marine  
  141  9:39  Marine x2  
  141  9:42  Marauder x2  
Show
View Real Time Build Order
Export as new Build Order

PartinG Protoss 

Build Orders: 1 Gate Expand, Zealot Archon, Archon Drop, Colossus Rush, Dark Templar Rush 

Get SALT Encoding   

  12  0:08  Pylon  
  12  0:12  Probe  
  13  0:26  Gateway  
  13  0:30  Probe (Chrono Boost)  
  14  0:39  Probe (Chrono Boost)  
  14  0:41  Assimilator  
  15  0:45  Probe (Chrono Boost)  
  16  0:57  Probe  
  17  1:09  Probe  
  18  1:13  Cybernetics Core  
  18  1:21  Probe  
  21  1:34  Nexus  
  21  1:36  Probe  
  20  1:44  Pylon  
  20  1:48  Adept (Chrono Boost)  
  22  1:54  Probe  
  23  2:01  Assimilator  
  23  2:06  Probe  
  24  2:08  Stalker (Chrono Boost)  
  26  2:17  Warp Gate  
  26  2:19  Probe  
  27  2:25  Pylon  
  27  2:36  Probe (Chrono Boost)  
  30  2:46  Twilight Council  
  30  2:47  Probe (Chrono Boost)  
  30  2:54  Probe (Chrono Boost)  
  30  2:56  Robotics Facility, Probe (Chrono Boost)  
  31  3:01  Probe x2 (Chrono Boost)  
  34  3:13  Probe (Chrono Boost)  
  34  3:16  Probe (Chrono Boost)  
  35  3:24  Dark Shrine, Probe (Chrono Boost)  
  37  3:28  Gateway, Probe (Chrono Boost)  
  37  3:29  Probe (Chrono Boost)  
  38  3:37  Gateway  
  38  3:43  Warp Prism (Chrono Boost)  
  40  3:48  Probe  
  40  3:51  Probe  
  42  3:57  Shield Battery  
  42  4:04  Stalker  
  42  4:06  Shield Battery, Probe  
  42  4:07  Probe  
  46  4:10  Assimilator  
  46  4:14  Assimilator  
  46  4:18  Pylon  
  46  4:20  Probe  
  46  4:21  Probe  
  48  4:33  Probe x2  
  50  4:40  Dark Templar x3  
  56  4:45  Probe  
  56  4:46  Probe  
  56  4:49  Pylon  
  58  4:58  Probe x2  
  60  5:03  Robotics Bay  
  60  5:15  Pylon, Probe  
  60  5:16  Probe  
  60  5:19  Nexus  
  62  5:21  Charge (Chrono Boost), Observer  
  62  5:22  Pylon  
  63  5:29  Pylon  
  64  5:35  Probe x2  
  65  5:44  Gateway  
  65  5:45  Gateway  
  65  5:47  Colossus (Chrono Boost)  
  65  5:53  Dark Templar  
  65  5:54  Archon  
  65  5:56  Dark Templar  
  75  5:58  Archon  
  75  6:01  Probe x2  
  75  6:03  Zealot  
  79  6:04  Extended Thermal Lance (Chrono Boost)  
  79  6:12  Shield Battery  
  79  6:19  Observer, Probe x2  
  79  6:21  Shield Battery  
  81  6:30  Colossus (Chrono Boost)  
  81  6:31  Zealot x2  
  91  6:33  Sentry  
  91  6:37  Probe x2  
  91  6:38  Probe  
  93  6:49  Probe  
  93  6:50  Probe  
  95  6:56  Probe  
  96  7:02  Gateway x2, Probe x2  
  96  7:04  Sentry  
  96  7:07  Colossus (Chrono Boost), Forge  
  106  7:22  Zealot  
  108  7:24  Probe  
  108  7:25  Pylon  
  108  7:27  Pylon  
  109  7:35  Pylon  
  109  7:36  Protoss Ground Weapons Level 1 (Chrono Boost)  
  109  7:38  Pylon  
  109  7:41  Pylon  
  108  7:50  Zealot x5  
  107  7:53  Warp Prism (Chrono Boost)  
  103  8:00  Pylon  
  103  8:03  Zealot x2  
  103  8:05  Pylon  
  103  8:11  Photon Cannon  
  99  8:14  Stalker x3  
  99  8:15  Shield Battery  
  99  8:18  Dark Templar  
  105  8:25  Stalker x3  
  109  8:33  Shield Battery  
  109  8:38  Stalker x3  
  109  8:40  Probe x2  
  117  8:41  Probe  
  118  8:51  Zealot, Dark Templar  
  118  8:52  Zealot x2  
  116  8:59  Shield Battery  
  116  9:00  Shield Battery  
  116  9:01  Shield Battery  
  104  9:15  Dark Templar  
  104  9:16  Zealot x5  
Tags
 
Add a new tag
Caveats
  • Supply blocks, unpowered buildings, or Contaminate may cause inaccurate times.
  • Supply counts are checked every 10 seconds.